 Dungeon Crawl Stone Soup version 0.28-a0-425-gd0eccab798 (webtiles) character file.

Game seed: 5357865378065166123

41 Jawa73 the Magician (level 3, -3/25 HPs)
             Began as a Gnoll Hedge Wizard on Sept 9, 2021.
             Shot with a stone by a goblin (4 damage)
             ... led by Robin
             ... on level 2 of the Dungeon.
             The game lasted 00:05:08 (1656 turns).

Jawa73 the Magician (Gnoll Hedge Wizard)            Turns: 1656, Time: 00:05:10

Health: -3/25      AC:  3    Str:  9    XL:     3   Next: 52%
Magic:  9/11       EV: 13    Int: 14    God:
Gold:   57         SH:  0    Dex: 11    Spells: 9/16 levels left

rFire   . . .      SeeInvis .   a - +0 dagger (venom)
rCold   . . .      Faith    .   (no shield)
rNeg    . . .      Spirit   .   b - +0 robe
rPois   .          Reflect  .   (no helmet)
rElec   .          Harm     .   (no cloak)
rCorr   .          Rampage  .   (no gloves)
Will    .....                   f - +0 pair of boots
Stlth   ++........              (no amulet)
HPRegen 0.08/turn               (no ring)
MPRegen 0.12/turn               (no ring)

@: hasted, very quick
A: fangs 1, strong nose, distributed training
a: no special abilities


You were on level 2 of the Dungeon.
You visited 1 branch of the dungeon, and saw 2 of its levels.

You collected 57 gold pieces.

Inventory:

Hand Weapons
 a - a +0 dagger of venom (weapon)
 e - a +0 spear of venom
Armour
 b - a +0 robe (worn)
 c - a +0 hat
 f - a +0 pair of boots (worn)
 g - a +0 helmet
Potions
 d - a potion of haste


   Skills:
 + Level 0.8 Fighting
 + Level 0.8 Short Blades
 + Level 0.8 Long Blades
 + Level 0.8 Axes
 + Level 0.8 Maces & Flails
 + Level 0.8 Polearms
 + Level 0.8 Staves
 + Level 0.8 Slings
 + Level 0.8 Bows
 + Level 0.8 Crossbows
 + Level 0.8 Throwing
 + Level 0.8 Armour
 + Level 4.5 Dodging
 + Level 4.1 Stealth
 + Level 0.8 Shields
 + Level 0.8 Unarmed Combat
 + Level 7.1 Spellcasting
 + Level 2.1 Conjurations
 + Level 0.5 Hexes
 + Level 2.1 Summonings
 + Level 0.5 Necromancy
 + Level 2.1 Translocations
 + Level 0.5 Transmutations
 + Level 0.5 Fire Magic
 + Level 0.5 Ice Magic
 + Level 0.5 Air Magic
 + Level 0.5 Earth Magic
 + Level 0.5 Poison Magic
 + Level 1.0 Invocations
 + Level 0.8 Evocations


You had 9 spell levels left.
You knew the following spells:

 Your Spells              Type           Power      Damage    Failure   Level
a - Magic Dart            Conj           44%        1d5       6%          1
b - Blink                 Tloc           N/A        N/A       9%          2
c - Call Imp              Summ           11%        N/A       9%          2
d - Slow                  Hex            6%         N/A       17%         2

Your spell library contained the following spells:

 Spells                   Type           Power      Damage    Failure   Level
 Conjure Flame            Conj/Fire      8%         6-21      24%         3
 Mephitic Cloud           Conj/Pois/Air  8%         N/A       26%         3


Dungeon Overview and Level Annotations

Branches:
Dungeon (2/15)

Altars:


Innate Abilities, Weirdness & Mutations

You have very sharp teeth.
Your uncanny sense of smell can sniff out nearby items.
Your experience applies equally to all skills.


Message History

You hit the goblin.
The goblin is heavily wounded.
You feel sick.
Your crimson imp hits Robin.
Robin dies!
Your Invocations skill increases to level 1!
You hit the goblin but do no damage.
The goblin is poisoned.
Your bite misses the goblin.
The goblin is heavily wounded.
You feel sick. The goblin hits you with a +0 dagger.
You hit the goblin but do no damage. You bite the goblin, but do no damage.
The goblin is heavily wounded.
You feel sick.
You kill the goblin!
You see here a +0 dagger.
You feel sick.
You feel sick.
You swap places.
You feel sick.
Items here: ) [[ †.
e - a +0 spear of venom;
g - a +0 helmet A goblin comes into view.
It is wielding a +0 club.
You feel sick.
You are no longer poisoned.
You start removing your armour.
You continue taking off your +0 hat. x4
You finish taking off your +0 hat.
You start putting on your armour.
You continue putting on your +0 helmet.
The goblin hits you with a +0 club.
Keep equipping yourself?
You continue putting on your +0 helmet.
The goblin hits you with a +0 club.
* * * LOW HITPOINT WARNING * * *
You continue putting on your +0 helmet.
Your crimson imp closely misses the goblin.
You continue putting on your +0 helmet.
The goblin hits you with a +0 club.
* * * LOW HITPOINT WARNING * * *
You continue putting on your +0 helmet.
The goblin unwields a +0 dagger.
The goblin wields a +0 hunting sling.
The goblin shoots a stone.
The stone hits you.
You die...

..... ♣♣.♣ #g.#
#### ♣.♣ #..# g.#
♣.♣ ♣ #..###.# #.#
♣.♣ ♣♣ #......#
#)## ♣.♣ ♣.
#†###### #.g# ♣.♣♣
♣. #.# ##.# ♣♣.♣♣
♣. ##.# #.## ♣♣.♣
♣. ...# #@5#####.#
#† .### #g.......#
## §# #.######## #
.###############.#
...).....5g.g....#
##################


You could see a hobgoblin, 2 goblins and a friendly crimson imp (summoned).

Vanquished Creatures
  2 bats (D:1)
  2 endoplasms (D:1)
  2 giant cockroaches (D:1)
  6 goblins
  3 hobgoblins
  A quokka (D:1)
  5 ball pythons (D:1)
  2 frilled lizards (D:1)
  A kobold (D:1)
  2 rats
26 creatures vanquished.

Vanquished Creatures (collateral kills)
  Robin (D:2)
  A goblin (D:2)
  A frilled lizard (D:2)
3 creatures vanquished.

Grand Total: 29 creatures vanquished

Notes
Turn   | Place    | Note
-------+----------+-------------------------------------------
     0 | D:1      | Jawa73 the Gnoll Hedge Wizard began the quest for the Orb.
     0 | D:1      | Reached XP level 1. HP: 13/13 MP: 8/8
   507 | D:1      | Reached XP level 2. HP: 16/19 MP: 10/10
  1130 | D:1      | Reached XP level 3. HP: 25/25 MP: 11/11
  1133 | D:1      | Learned a level 2 spell: Blink
  1136 | D:1      | Learned a level 2 spell: Call Imp
  1139 | D:1      | Learned a level 2 spell: Slow
  1265 | D:1      | Found a faded altar of an unknown god.
  1582 | D:2      | Noticed Robin
  1634 | D:2      | HP: 1/25 [poisoned by Robin]
  1638 | D:2      | Killed Robin
  1639 | D:2      | Reached skill level 1 in Invocations
  1655 | D:2      | HP: 1/25 [goblin[Robin] (3)]
  1656 | D:2      | Shot with a stone by a goblin

Illustrated notes

Levels and vault maps discovered:
D:1:      minmay_arrival_hallway, layout_loops_ring,
          shapermc_ecumenical_altar_petra
D:2:      kb_forest_paths, layout_basic, uniq_robin

Skill      XL: |  1  2  3 |
---------------+----------+-----
Conjurations   | 2 |  2.1
Summonings     | 2 |  2.1
Translocations | 2 |  2.1
Invocations    | 1 |  1.0
Fighting       | |  0.8
Short Blades   | |  0.8
Long Blades    | |  0.8
Axes           | |  0.8
Maces & Flails | |  0.8
Polearms       | |  0.8
Staves         | |  0.8
Slings         | |  0.8
Bows           | |  0.8
Crossbows      | |  0.8
Throwing       | |  0.8
Armour         | |  0.8
Dodging        | |  4.5
Stealth        | |  4.1
Shields        | |  0.8
Unarmed Combat | |  0.8
Spellcasting   | |  7.1
Hexes          | |  0.5
Necromancy     | |  0.5
Transmutations | |  0.5
Fire Magic     | |  0.5
Ice Magic      | |  0.5
Air Magic      | |  0.5
Earth Magic    | |  0.5
Poison Magic   | |  0.5
Evocations     | |  0.8

Action                   || total
-------------------------++-------
Melee: Dagger            ||    65
       Bite              ||     2
 Cast: Magic Dart        ||    12
       Call Imp          ||     2
       Slow              ||     1
       Blink             ||     1
  Use: Scroll            ||     1
       Potion            ||     2
 Stab: Sleeping          ||     6
Armor: Robe              ||    16
Dodge: Dodged            ||    51

Table legend: (Time is in decaauts)
 A = Elapsed time spent in this place.
 B = Non-inter-level travel time spent in this place.
 C = Inter-level travel time spent in this place.
 D = Time resting spent in this place.
 E = Time spent auto-exploring this place.
 F = Levels seen in this place.
 G = Mean time per level.
                   A        B        C        D        E       F      G
               +--------+--------+--------+--------+--------+-----+--------+
         Total |   1646 |   1629 |     17 |      5 |   1216 |   2 |  823.0 |
       Dungeon |   1646 |   1629 |     17 |      5 |   1216 |   2 |  823.0 |
               +--------+--------+--------+--------+--------+-----+--------+

Top non-repeatable levels by time:
     D:1: 1370 daAuts
     D:2: 275 daAuts
